 Dungeon Crawl Stone Soup version 0.29.1-13-g9f3cf754e1 (webtiles) character file.

Game seed: 18170747497413890307

3728 H0rd4k the Martial Artist (level 10, -16/69 HPs)
             Began as an Octopode Artificer on Jan 23, 2023.
             Was an Initiate of Gozag.
             Demolished by a two-headed ogre
             ... wielding a +0 giant club
              (27 damage)
             ... on level 9 of the Dungeon.
             The game lasted 00:10:27 (10626 turns).

H0rd4k the Martial Artist (Octopode Artificer)     Turns: 10626, Time: 00:10:27

Health: -16/69     AC:  1    Str: 17    XL:     10   Next: 14%
Magic:  18/18      EV: 13    Int: 18    God:    Gozag
Gold:   560        SH:  5    Dex: 13    Spells: 20/20 levels left

rFire   . . .      SeeInvis +     - Unarmed
rCold   . . .      Faith    .   (no shield)
rNeg    . . .      Spirit   .   (helmet restricted)
rPois   .          Reflect  +   d - amulet of reflection
rElec   .          Harm     .   x - ring of see invisible
rCorr   .          Rampage  .   E - +6 ring of strength
Will    .....                   (no ring)
Stlth   +++.......              (no ring)
HPRegen 0.21/turn               (no ring)
MPRegen 0.16/turn               (no ring)
                                (no ring)
                                (no ring)

@: no status effects
A: almost no armour, amphibious, 8 rings, camouflage 1, gelatinous body 1,
(nimble swimmer 1), tentacles
a: Renounce Religion, Potion Petition, Call Merchant, Bribe Branch


You were on level 9 of the Dungeon.
You worshipped Gozag.
Gozag was pleased with you.
You visited 1 branch of the dungeon, and saw 9 of its levels.

You collected 708 gold pieces.
You paid 148 gold pieces to Gozag.

Inventory:

Missiles
 m - 8 poisoned darts
 q - 3 throwing nets
Armour
 z - an orb of light
Magical Staves
 v - a staff of air
Jewellery
 d - an amulet of reflection (around mantle)
 x - a ring of see invisible (left tentacle)
 E - a +6 ring of strength (right tentacle)
Wands
 b - a wand of flame (20) (quivered)
 u - a wand of digging (7)
Scrolls
 e - 2 scrolls of teleportation {unknown}
 f - 9 scrolls of identify
 i - 2 scrolls of blinking {unknown}
 j - a scroll of poison {unknown}
 l - 2 scrolls of butterflies {unknown}
 o - a scroll of fear {unknown}
 r - a scroll of silence {unknown}
 s - a scroll of vulnerability {unknown}
 y - a scroll of torment {unknown}
 B - 2 scrolls of acquirement {unknown}
 D - a scroll of noise {unknown}
Potions
 a - a potion of degeneration {unknown}
 g - 3 potions of curing
 h - 2 potions of heal wounds {unknown}
 k - 2 potions of haste {unknown}
 n - 4 potions of might {unknown}
 p - 3 potions of mutation {unknown}
 t - 2 potions of flight {unknown}
 w - a potion of ambrosia {unknown}
 A - a potion of brilliance {unknown}
 C - a potion of invisibility
 F - a potion of resistance {unknown}
 G - a potion of attraction {unknown}


   Skills:
 * Level 6.5 Fighting
 + Level 2.1 Throwing
 - Level 2.3 Dodging
 - Level 1.3 Stealth
 + Level 3.1 Shields
 + Level 9.9 Unarmed Combat
 * Level 5.9 Spellcasting
 - Level 3.2 Evocations


You had 20 spell levels left.
You didn't know any spells.
Your spell library contained the following spells:

 Spells                   Type           Power      Damage    Failure   Level
 Alistair's Intoxication  Tmut/Pois      3%         N/A       98%         5
 Borgnjor's Vile Clutch   Necr/Erth      2%         N/A       98%         5
 Eringya's Noxious Bog    Tmut/Pois      2%         N/A       100%        6


Dungeon Overview and Level Annotations

Branches:
Dungeon (9/15)               Lair (0/5) D:8
 Temple: D:4-7          Orc: D:9-12

Altars:
Cheibriados
Elyvilon
Fedhas
Gozag
Makhleb
Uskayaw
Vehumet
Wu Jian
Yredelemnul
Zin

Shops:
D:5 [

Annotations:
D:5 3 runed translucent doors, exclusions: 3 doors and downstairs, jaiteiro's ghost, novice MiHu
D:6 Edmund
D:7 3 runed translucent doors, exclusions: 2 doors, downstairs and orange crystal statue, Crazy Yiuf
D:8 exclusion: downstairs


Innate Abilities, Weirdness & Mutations

You cannot wear most types of armour.
You are amphibious.
You can wear up to eight rings at the same time.
Your skin changes colour to match your surroundings (Stealth+).
Your rubbery body absorbs attacks. (AC +1, EV +1)
((You are camouflaged when in or above water. (Stealth+)))
You have tentacles for arms and can constrict up to eight enemies at once.


Message History

What are your orders? t - Shout!
Orders for allies: a - Attack new target. p - Attack previous target. r - Retreat! s - Stop attacking. g - Guard the area. f - Follow me.
Anything else - Cancel.
Guard this area!
Your orc warrior barely misses the orc priest.
Your orc warrior hits something with a +0 battleaxe!
There is a stone staircase leading up here.
You feel a bit more experienced.
Found a stone staircase leading up.
A two-headed ogre comes into view.
It is wielding a +0 giant club and a +0 giant spiked club.
You feel a bit more experienced.
The two-headed ogre shouts in stereo!
You open the door.
There is an open door here.
A white ugly thing comes into view.
You don't have any such object.
Evoke which item? (* to show all) (? for menu, Esc to quit)
Okay, then.
Okay, then.
As you read the scroll labelled ALOSTA RUYQUO, it crumbles to dust.
It is a scroll of identify.
g - 3 potions of curing A centaur and a wight come into view.
The white ugly thing closely misses you.
The two-headed ogre attacks as you move away!
The two-headed ogre hits you with a +0 giant club!
The two-headed ogre hits you with a +0 giant spiked club!!
The centaur shouts!
You hear two shouts!
You hear a shout!
The white ugly thing gores you! The white ugly thing freezes you!!
* * * LOW HITPOINT WARNING * * *
An orc warrior comes into view. It is wielding a +0 short sword.
You hear a shout!
A two-headed ogre comes into view. It is wielding two +0 giant clubs.
The two-headed ogre misses you.
The two-headed ogre hits you with a +0 giant club!!
You die...
Your body crumbles into a pile of gold.

...........#
...........#
...........# #+#
.........O.#####.####
...........##..#.#o.#
......##+#.##.c#.z.
......#....###.#.#####
<.....#....'..Ou⌠....+
.####.+....#####@#.###
......#....##..O.#
......#....##..#.#
......#....#####.#
....o.#....#####+#
......####......
......o.........
........<....#
.........o...#


You could see a white ugly thing, 2 two-headed ogres, a centaur and a wight.

Vanquished Creatures
  Pikel (D:6)
  2 komodo dragons (D:8)
  Prince Ribbit (D:7)
  Sigmund (D:2)
  Menkaure (D:7)
  A water moccasin (D:8)
  3 black bears
  2 centaurs
  4 lemures
  4 bullfrogs (D:8)
  2 scorpions (D:5)
  A necrophage (D:4)
  A gnoll sergeant (D:8)
  A killer bee (D:8)
  2 howler monkeys
  A bullfrog zombie (D:5)
  2 hounds
  2 gnoll boudas
  3 orc priests
  A jelly (D:7)
  5 orc wizards
  5 iguanas
  A killer bee zombie (D:5)
  23 gnolls
  6 adders
  3 shadow imps
  A white imp (D:5)
  2 ufetubi
  3 dart slugs
  15 orcs
  6 ball pythons
  2 bats
  6 endoplasms
  6 giant cockroaches
  4 goblins
  5 hobgoblins
  A quokka (D:1)
  A frilled lizard (D:2)
  7 kobolds
  6 rats
144 creatures vanquished.

Vanquished Creatures (collateral kills)
  A bullfrog (D:8)
  A gnoll bouda (D:6)
  2 orc priests (D:9)
  An orc wizard (D:5)
  4 gnolls
  A dart slug (D:4)
  3 orcs (D:4)
  A hobgoblin (D:4)
14 creatures vanquished.

Vanquished Creatures (others)
  A yak (D:8)
  An orc priest (D:4)
  2 orc wizards (D:6)
  A gnoll (D:8)
  3 orcs (D:6)
  A butterfly (D:6)
  45 fungi
  46 plants (D:8)
100 creatures vanquished.

Grand Total: 258 creatures vanquished

Notes
Turn   | Place    | Note
-------+----------+-------------------------------------------
     0 | D:1      | H0rd4k the Octopode Artificer began the quest for the Orb.
     0 | D:1      | Reached XP level 1. HP: 13/13 MP: 1/1
     7 | D:1      | Noticed a black bear
     7 | D:1      | Noticed an iguana
     8 | D:1      | Noticed a redback
     8 | D:1      | Noticed a six-headed hydra
   256 | D:1      | Reached XP level 2. HP: 10/18 MP: 1/3
   431 | D:1      | Reached skill level 1 in Spellcasting
   547 | D:1      | Found a faded altar of an unknown god.
   710 | D:1      | Reached XP level 3. HP: 24/24 MP: 4/4
   905 | D:2      | Reached skill level 1 in Unarmed Combat
   996 | D:2      | Noticed Sigmund
  1001 | D:2      | Killed Sigmund
  1002 | D:2      | Reached skill level 2 in Unarmed Combat
  1002 | D:2      | Reached XP level 4. HP: 25/31 MP: 5/8
  1002 | D:2      | Reached XP level 5. HP: 29/36 MP: 5/9
  1070 | D:2      | Reached XP level 6. HP: 32/42 MP: 10/10
  1861 | D:3      | Found a burning altar of Makhleb.
  2234 | D:3      | Reached skill level 3 in Unarmed Combat
  2471 | D:3      | Found a large runed translucent door.
  2478 | D:3      | Found a large runed translucent door.
  2649 | D:3      | HP: 1/43 [centaur (2)]
  2983 | D:3      | Found a glowing silver altar of Zin.
  2986 | D:3      | Found a hide-covered altar of Uskayaw.
  3591 | D:4      | Reached XP level 7. HP: 48/48 MP: 12/12
  3663 | D:4      | Reached skill level 4 in Unarmed Combat
  4741 | D:5      | Entered Level 5 of the Dungeon
  4789 | D:5      | Found a radiant altar of Vehumet.
  5007 | D:5      | Reached skill level 5 in Unarmed Combat
  5472 | D:5      | Found Jyilol's Armour Emporium.
  5493 | D:5      | Found a snail-covered altar of Cheibriados.
  5563 | D:5      | Reached XP level 8. HP: 44/54 MP: 12/14
  6021 | D:5      | Reached skill level 6 in Unarmed Combat
  6051 | D:5      | Reached skill level 1 in Throwing
  6309 | D:5      | Found a runed translucent gate.
  6309 | D:5      | Found a runed translucent gate.
  6309 | D:5      | Found a runed translucent gate.
  6309 | D:5      | Noticed jaiteiro's ghost (novice MiHu)
  6312 | D:5      | Found a basalt altar of Yredelemnul.
  6646 | D:6      | Reached skill level 5 in Fighting
  7042 | D:6      | Noticed Pikel
  7068 | D:6      | Found an ornate altar of the Wu Jian Council.
  7332 | D:6      | Killed Pikel
  7333 | D:6      | Reached skill level 1 in Shields
  7333 | D:6      | Reached skill level 7 in Unarmed Combat
  7333 | D:6      | Reached XP level 9. HP: 22/61 MP: 14/16
  7559 | D:6      | Found a white marble altar of Elyvilon.
  7817 | D:6      | Noticed Edmund
  7847 | D:7      | Noticed Menkaure
  7851 | D:7      | Killed Menkaure
  8052 | D:7      | Reached skill level 5 in Spellcasting
  8128 | D:7      | Found an opulent altar of Gozag.
  8190 | D:7      | Became a worshipper of Gozag Ym Sagoz the Greedy
  8352 | D:7      | Noticed an orange crystal statue
  8353 | D:7      | Found a runed translucent door.
  8362 | D:7      | Found the +10 tower shield of Ignorance {rN+ Int-4}
  8368 | D:7      | Found a runed translucent door.
  8660 | D:7      | Noticed Prince Ribbit
  8800 | D:7      | Found a blossoming altar of Fedhas.
  8947 | D:7      | Found a runed translucent door.
  8948 | D:7      | Noticed Crazy Yiuf
  9029 | D:8      | Reached skill level 8 in Unarmed Combat
  9296 | D:8      | Noticed a komodo dragon
  9303 | D:8      | Killed a komodo dragon
  9315 | D:8      | Noticed a komodo dragon
  9328 | D:8      | Killed a komodo dragon
  9329 | D:8      | Reached skill level 9 in Unarmed Combat
  9420 | D:7      | Killed Prince Ribbit
  9829 | D:8      | Found a staircase to the Lair.
  9841 | D:8      | Reached XP level 10. HP: 69/69 MP: 18/18
  9912 | D:8      | Noticed a two-headed ogre
 10608 | D:9      | Noticed a two-headed ogre
 10620 | D:9      | Noticed a white ugly thing
 10626 | D:9      | Noticed a two-headed ogre
 10626 | D:9      | Demolished by a two-headed ogre

Illustrated notes

Levels and vault maps discovered:
D:1:      onia_arrival_zoo_common, layout_rooms,
          chequers_ecumenical_altar_simple_redux
D:2:      layout_loops_cross, uniq_sigmund
D:3:      layout_rooms, jmf_multi_god_temple2, mainiacjoe_overflow_boulevard,
          minmay_misc_feat_doors, nicolae_underground_beach
D:4:      layout_loops_corners, minmay_quadrilaterals
D:5:      layout_loops_corners, lemuel_doored_altar, vehumet_altar_wand_db,
          nicolae_yredelemnul_ghost_church, serial_shops, shop,
          grunt_ministairs_10
D:6:      layout_rooms, nicolae_elyvilon_peaceful_grove,
          overflow_temple_1_default, lemuel_temple_firewalk_b, uniq_edmund,
          uniq_pikel
D:7:      layout_loops_ring, nicolae_gozag_seed_capital,
          mainiacjoe_overflow_alcove_2, skrybe_limestone_x, minivault_19,
          chequers_arboretum, chequers_guarded_unrand_ignorance, uniq_menkaure,
          uniq_crazy_yiuf_cottage, uniq_prince_ribbit1
D:8:      layout_gridville, mainiacjoe_overflow_swirl,
          due_lair_maze_entry_diamond
D:9:      minmay_the_grid_4x2 [minmay_the_grid_rooms, minmay_the_grid_square_x,
          minmay_the_grid_minigrid_small_alt, minmay_the_grid_dragon_a,
          minmay_the_grid_tiny_cups, minmay_the_grid_fan,
          minmay_the_grid_medium_cups,
          minmay_the_grid_prize_four_corners_diamond_a], layout_stronghold,
          minmay_orc_entry_guard_dogs, chequers_serial_rivers_room_b,
          minmay_fountain_box, minmay_statue_crystal_thing, uniq_harold,
          uniq_psyche, uniq_erolcha

Skill      XL: |  1  2  3  4  5  6  7  8  9 10 |
---------------+-------------------------------+-----
Spellcasting   | 1 2 3 4 5 |  5.9
Fighting       | 2 3 4 5 6 |  6.5
Unarmed Combat | 2 3 5 7 9 |  9.9
Throwing       | 2 |  2.1
Shields        | 1 2 3 |  3.1
Dodging        | |  2.3
Stealth        | |  1.3
Evocations     | |  3.2

Action                   |  1- 3 |  4- 6 |  7- 9 | 10-12 || total
-------------------------+-------+-------+-------+-------++-------
Melee: Unarmed           |    51 |    77 |   258 |    27 ||   413
       Constrict         |    20 |    19 |    64 |     8 ||   111
       Tentacles         |    15 |    22 |    74 |    11 ||   122
       Punch             |     2 |     7 |    20 |     2 ||    31
Throw: Dart              |       |       |    14 |       ||    14
Evoke: Wand              |     3 |    11 |    43 |     5 ||    62
  Use: Scroll            |       |       |       |     1 ||     1
 Stab: Sleeping          |     6 |    11 |     5 |       ||    22
       Distracted        |       |       |     1 |       ||     1
Armor: Skin              |     5 |     1 |     7 |     2 ||    15
Dodge: Dodged            |    27 |    46 |   125 |    21 ||   219
Block: Other             |       |       |    35 |     5 ||    40
       Reflection        |       |       |     1 |       ||     1
